 Dungeon Crawl Stone Soup version 0.20-a0-309-gcba9277 (webtiles) character file.

8502 Gorice the Fighter (level 11, -7/114 HPs)
             Began as a Kobold Arcane Marksman on Dec 17, 2016.
             Was a High Priest of Okawaru.
             Mangled by a komodo dragon (15 damage)
             ... on level 1 of the Lair of Beasts on Dec 18, 2016.
             The game lasted 01:08:33 (12330 turns).

Gorice the Fighter (Kobold Arcane Marksman)        Turns: 12330, Time: 01:08:34

Health: -7/114     AC: 25    Str: 12    XL:     11   Next: 57%
Magic:  7/12       EV:  3    Int: 14    God:    Okawaru [*****.]
Gold:   392        SH:  0    Dex: 15    Spells: 11/12 levels left

rFire  . . .     SeeInvis .     a - +1 short sword (venom)
rCold  . . .     Gourm    .     (armour currently unavailable)
rNeg   + + +     Faith    +     (shield restricted)
rPois  +         Spirit   .     (helmet currently unavailable)
rElec  .         Reflect  .     (cloak currently unavailable)
rCorr  +         Harm     .     (gloves currently unavailable)
MR     .....     NoTele   +     (boots currently unavailable)
Stlth  +++.......               z - amulet of faith {!P}
                                (no ring)
                                B - ring of resist corrosion

@: exhausted, tree-form (expiring), slowed, very slow
A: carnivore 3
a: Heroism, Finesse, Renounce Religion


You were on level 1 of the Lair of Beasts.
You worshipped Okawaru.
Okawaru was extremely pleased with you.
You were completely stuffed.
You were a tree.
You visited 3 branches of the dungeon, and saw 10 of its levels.
You also visited: Sewer.

You collected 392 gold pieces.

Inventory:

Hand Weapons
 a - a +1 short sword of venom (weapon)
   (You found it on level 2 of the Dungeon)
 b - a +1 arbalest of flaming
   (Okawaru gifted it to you on level 1 of the Lair of Beasts)
 t - a +3 hand crossbow
 F - a +2 dagger of pain
   (You took it off a kobold in a sewer)
Missiles
 d - 29 bolts
 j - 2 curare-tipped needles
 y - 2 tomahawks (quivered)
Armour
 s - the +4 ring mail of Wuffed (melded) {rN+}
   (You found it on level 4 of the Dungeon)

   It protects you from negative energy.
Jewellery
 w - an uncursed ring of fire
 z - an amulet of faith (around neck) {!P}
 B - a ring of resist corrosion (left branch)
Wands
 g - a wand of iceblast (6/15)
 v - a wand of polymorph (7/24)
 G - a wand of acid (4/15)
 K - a wand of iceblast (10/15)
 P - a wand of teleportation (9/9) {!d}
 R - a wand of digging (14/24)
 X - a wand of flame (37/48)
Scrolls
 l - 4 scrolls of remove curse
 m - a scroll of blinking
 o - 4 scrolls of teleportation {!r}
Potions
 e - a potion of might {!q}
 h - a potion of cancellation {!q}
 k - 4 potions of curing
 p - a potion of haste {!q}
 E - 7 potions of flight
 J - a potion of agility {!q}
Comestibles
 c - 5 chunks of flesh
 f - 2 meat rations {!e}
 n - 4 slices of pizza
 r - 10 royal jellies
 u - a beef jerky


   Skills:
 + Level 11.8 Fighting
 - Level 10.0 Short Blades
 - Level 2.4 Crossbows
 + Level 3.9 Armour
 + Level 10.2 Dodging
 - Level 6.0 Stealth
 - Level 1.1 Spellcasting
 - Level 3.0 Hexes
 - Level 2.1 Invocations


You had 11 spell levels left.
You knew the following spells:

 Your Spells              Type           Power        Failure   Level  Hunger
a - Corona                Hex            #......      10%         1    ##.....


Dungeon Overview and Level Annotations

Branches:
Dungeon (8/15)             Temple (1/1) D:7            Lair (1/6) D:8

Altars:
Ashenzari
Cheibriados
Dithmenos
Elyvilon
Fedhas
Gozag
Hepliaklqana
Kikubaaqudgha
Makhleb
Nemelex Xobeh
Okawaru
Qazlal
Ru
Sif Muna
Trog
Uskayaw
Vehumet
Xom
Yredelemnul
Zin
The Shining One

Shops:
D:7 }

Annotations:
Lair:1 exclusions: electric eel and komodo dragon


Innate Abilities, Weirdness & Mutations

You are small and have problems with some larger weapons.
You are carnivorous and can eat meat at any time.


Message History

* * * LOW HITPOINT WARNING * * *
The five-headed hydra bites you.
* * * LOW HITPOINT WARNING * * *
The five-headed hydra bites you but does no damage. x2
Unknown command.
Unknown command.
You hit the five-headed hydra.
The five-headed hydra is poisoned.
The five-headed hydra is almost dead.
You hit the five-headed hydra.
The five-headed hydra is almost dead.
You barely miss the five-headed hydra.
The five-headed hydra is almost dead.
The komodo dragon hisses angrily.
You hit the five-headed hydra.
The five-headed hydra looks as sick as possible!
The five-headed hydra is almost dead.
You hit the five-headed hydra.
The five-headed hydra is almost dead.
The five-headed hydra bites you but does no damage. x3
The five-headed hydra bites you!
* * * LOW HITPOINT WARNING * * *
The five-headed hydra bites you but does no damage.
Damage: 10 (max 16) Unknown command.
Unknown command.
Unknown command.
Unknown command.
Unknown command.
A red film seems to cover your vision as you go berserk!
Your finesse ends abruptly.
You feel yourself moving faster!
You feel mighty!
You kill the five-headed hydra!
Okawaru accepts your kill.
You cannot move.
You cannot move.
You cannot move.
You cannot move.
You cannot move.
A komodo dragon is nearby!
A komodo dragon is nearby!
You feel a strong urge to attack something.
You feel your anger subside.
You are no longer berserk.
You are exhausted.
You feel yourself slow down.
Damage: 3 (max 16)
Your transformation is almost over.
You feel like a meek peon again.
The komodo dragon bites you but does no damage.
You hit the komodo dragon but do no damage.
The komodo dragon is poisoned.
The komodo dragon bites you!
You die...

##......>..# #.##.##P#..#
####.####.## ..# ##.# ##.# #..#
#.###.## #..##.# #[P##†#
#..##♣# ##.##.l#####.
#..#.......... ##.#..#..#.#.. >
# #..........
...P#P##...P##..#..
#.................. .
##.#####...####.......≈≈≈≈≈≈≈
..#..P####.#.#.##.(.#....≈PP≈≈≈


You could see a komodo dragon.

Vanquished Creatures
  A hydra (Lair:1)
  A black mamba (Lair:1)
  A spiny frog (Lair:1)
  2 trolls (D:8)
  A blink frog (Lair:1)
  A wyvern (D:8)
  6 yaks (Lair:1)
  A hungry ghost (D:7)
  A water moccasin (D:8)
  3 porcupines (Lair:1)
  A phantom (D:5)
  4 sky beasts
  An ice beast (D:8)
  7 ogres
  3 wolves
  A centaur (D:8)
  3 crocodiles (Lair:1)
  A big kobold (Sewer)
  5 bullfrogs
  A gnoll sergeant (D:8)
  5 scorpions
  6 killer bees
  8 howler monkeys
  2 centaur zombies
  3 crimson imps
  8 jellies
  A quasit (D:3)
  7 hounds
  5 orc priests
  2 centaur skeletons
  9 worker ants
  3 iguanas
  9 orc wizards
  Natasha (thrice) (D:4)
  2 hell rats (Lair:1)
  A killer bee zombie (D:6)
  A hound skeleton (D:8)
  A worker ant zombie (D:5)
  13 adders
  8 gnolls
  9 river rats
  2 shadow imps (D:8)
  7 oozes
  An adder zombie (D:6)
  5 adder skeletons
  2 worms
  A dart slug (D:2)
  9 leopard geckos
  35 orcs
  5 ball pythons
  8 bats
  12 giant cockroaches
  4 goblins
  6 hobgoblins
  12 jackals
  3 quokkas
  3 frilled lizards
  26 kobolds
  A leopard gecko skeleton (D:4)
  A quokka skeleton (D:5)
  A quokka zombie (D:8)
  26 rats
321 creatures vanquished.

Vanquished Creatures (others)
  2 fungi (Lair:1)
  2 plants (Lair:1)
4 creatures vanquished.

Grand Total: 325 creatures vanquished

Notes
Turn   | Place    | Note
-------+----------+-------------------------------------------
     0 | D:1      | Gorice the Kobold Arcane Marksman began the quest for the Orb.
     0 | D:1      | Reached XP level 1. HP: 12/12 MP: 2/2
   146 | D:1      | Reached skill level 1 in Stealth
   204 | D:1      | Reached skill level 2 in Stealth
   204 | D:1      | Reached XP level 2. HP: 16/16 MP: 3/3
   445 | D:1      | Reached skill level 3 in Stealth
   758 | D:1      | Reached XP level 3. HP: 20/20 MP: 2/4
  1085 | D:2      | Reached skill level 1 in Short Blades
  1085 | D:2      | Reached skill level 4 in Stealth
  1121 | D:2      | Found a sacrificial altar of Ru.
  1246 | D:2      | Found a faded altar of an unknown god.
  1278 | D:2      | Reached XP level 4. HP: 20/25 MP: 5/5
  1318 | D:2      | Reached skill level 2 in Short Blades
  1725 | D:3      | Reached skill level 5 in Stealth
  1725 | D:3      | Reached XP level 5. HP: 25/29 MP: 3/6
  1770 | D:3      | Reached skill level 3 in Short Blades
  2393 | D:4      | Reached skill level 4 in Short Blades
  2490 | D:4      | Reached XP level 6. HP: 33/34 MP: 5/7
  2525 | D:4      | Noticed an ogre
  2741 | D:4      | Found a shadowy altar of Dithmenos.
  2760 | D:4      | Reached skill level 6 in Stealth
  2782 | D:4      | Killed an ogre
  2782 | D:4      | Reached skill level 2 in Fighting
  2782 | D:4      | Reached skill level 5 in Short Blades
  2824 | D:4      | HP: 10/36 [poisoned by a worker ant]
  2993 | D:4      | Found an iron altar of Okawaru.
  3002 | D:4      | Became a worshipper of Warmaster Okawaru
  3095 | D:4      | Got a black opal-encrusted ring mail
  3106 | D:4      | Identified the +4 ring mail of Wuffed {rN+} (You found it on level 4 of the Dungeon)
  3151 | D:4      | Noticed Natasha
  3153 | D:4      | Killed Natasha
  3153 | D:4      | Reached XP level 7. HP: 40/40 MP: 8/8
  3204 | D:4      | Found a faded altar of an unknown god.
  3204 | D:4      | Found a burning altar of Makhleb.
  3210 | D:4      | Found a hazy altar of Hepliaklqana.
  3213 | D:4      | Found a faded altar of an unknown god.
  3214 | D:4      | Found a blossoming altar of Fedhas.
  3314 | D:4      | Reached skill level 3 in Fighting
  3314 | D:4      | Reached skill level 6 in Short Blades
  3406 | D:4      | Found a stormy altar of Qazlal.
  3452 | D:4      | Found a glowing silver altar of Zin.
  3542 | D:4      | Noticed Natasha
  3548 | D:4      | Killed Natasha
  3565 | D:4      | Noticed Natasha
  3568 | D:4      | Killed Natasha
  3671 | D:5      | Entered Level 5 of the Dungeon
  3752 | D:4      | Reached * piety under Okawaru
  3752 | D:4      | Reached skill level 4 in Fighting
  3799 | D:5      | Reached skill level 7 in Short Blades
  3816 | D:5      | Reached XP level 8. HP: 43/48 MP: 6/9
  3982 | D:5      | Reached skill level 5 in Fighting
  3986 | D:5      | Found a glowing drain.
  4000 | Sewer    | Entered a sewer
  4081 | Sewer    | Upgraded the game from 0.20-a0-303-g575bbf7 to 0.20-a0-309-gcba9277
  4152 | Sewer    | Reached skill level 1 in Invocations
  4846 | D:5      | Reached skill level 8 in Short Blades
  4846 | D:5      | Reached skill level 2 in Invocations
  4941 | D:5      | Reached ** piety under Okawaru
  5019 | D:5      | Reached skill level 6 in Fighting
  5351 | D:6      | Reached skill level 9 in Short Blades
  5351 | D:6      | Reached XP level 9. HP: 56/56 MP: 10/10
  5431 | D:6      | Reached skill level 7 in Fighting
  5498 | D:6      | Found a bloodstained altar of Trog.
  6194 | D:6      | Reached *** piety under Okawaru
  6278 | D:6      | Reached skill level 10 in Short Blades
  6475 | D:6      | Reached skill level 3 in Dodging
  6650 | D:6      | Reached skill level 8 in Fighting
  6811 | D:7      | Received a gift from Okawaru
  6822 | D:7      | Reached skill level 4 in Dodging
  7010 | D:7      | Found a sparkling altar of Nemelex Xobeh.
  7025 | D:7      | Got a dazzling trident
  7271 | D:7      | Reached skill level 5 in Dodging
  7389 | D:7      | Reached skill level 9 in Fighting
  7389 | D:7      | Reached XP level 10. HP: 63/66 MP: 11/11
  7422 | D:7      | Reached **** piety under Okawaru
  7464 | D:7      | Reached skill level 6 in Dodging
  7524 | D:7      | Found Goirch's Gadget Boutique.
  7538 | D:7      | Found a staircase to the Ecumenical Temple.
  7548 | Temple   | Entered the Ecumenical Temple
  8618 | D:8      | Reached skill level 7 in Dodging
  8643 | D:8      | Reached skill level 10 in Fighting
  8942 | D:8      | HP: 17/68 [electric eel/bolt of electricity (13)]
  9232 | D:8      | Found a staircase to the Lair.
  9814 | D:8      | Reached skill level 8 in Dodging
 10310 | D:8      | Reached ***** piety under Okawaru
 10444 | D:8      | Reached skill level 1 in Armour
 11189 | Lair:1   | Entered Level 1 of the Lair of Beasts
 11292 | Lair:1   | Noticed a komodo dragon
 11303 | Lair:1   | Noticed a spiny frog
 11328 | Lair:1   | Killed a spiny frog
 11328 | Lair:1   | Reached skill level 11 in Fighting
 11328 | Lair:1   | Reached skill level 9 in Dodging
 11328 | Lair:1   | Reached XP level 11. HP: 30/74 MP: 10/12
 11430 | Lair:1   | Reached skill level 2 in Armour
 11474 | Lair:1   | Received a gift from Okawaru
 11893 | Lair:1   | Received a gift from Okawaru
 11943 | Lair:1   | Reached skill level 3 in Armour
 11965 | Lair:1   | HP: 14/74 [yak (10)]
 12120 | Lair:1   | Noticed a five-headed hydra
 12166 | Lair:1   | Reached skill level 10 in Dodging
 12262 | Lair:1   | HP: 19/75 [rime drake/flash freeze (22)]
 12277 | Lair:1   | HP: 18/75 [black mamba (10)]
 12304 | Lair:1   | HP: 31/114 [five-headed hydra (7)]
 12308 | Lair:1   | HP: 14/114 [five-headed hydra (6)]
 12316 | Lair:1   | HP: 10/114 [five-headed hydra (4)]
 12322 | Lair:1   | HP: 6/114 [five-headed hydra (10)]
 12323 | Lair:1   | Killed a five-headed hydra
 12330 | Lair:1   | Mangled by a komodo dragon

Vault maps used:
D:1:      elethiomel_arrival_maze
D:2:      old_standard_altar, chequers_ecumenical_altar_grove,
          grunt_decor_one_mirror
D:4:      zin_statuary, old_standard_altar, chequers_temple_overflow_minitemple,
          nicolae_qazlal_general_emergency, kennysheep_mini_moat, uniq_natasha
D:5:      minmay_diamond_boxcup, first_bread, gup_sewer_entry_pipe
D:6:      basic_altar
D:7:      basic_altar, serial_shops, shop, st_stairs_5
D:8:      minmay_opposing_rooms, erik_lair_island,
          hangedman_little_slice_of_home
Temple:   nicolae_temple_figure_eight
Lair:1:   portal_ice_cave_rime, kennysheep_abandoned_house, grunt_megastairs_5,
          serial_bayou_shore_a, infiniplex_staircase_pool_2,
          uniq_prince_ribbit2, uniq_joseph
Sewer:    sewer_minmay_treatment

Skill      XL: |  1  2  3  4  5  6  7  8  9 10 11 |
---------------+----------------------------------+-----
Stealth        | 2 3 4 5 6 |  6.0
Short Blades   | 1 2 4 5 7 9 10 | 10.0
Fighting       | 2 4 6 9 11 | 11.8
Invocations    | 2 |  2.1
Dodging        | 5 9 10 | 10.2
Armour         | 1 3 |  3.9
Crossbows      | |  2.4
Spellcasting   | |  1.1
Hexes          | |  3.0

Action                   |  1- 3 |  4- 6 |  7- 9 | 10-12 || total
-------------------------+-------+-------+-------+-------++-------
Melee: Short sword       |     9 |    66 |   420 |   503 ||   998
       Punch             |       |       |     1 |     3 ||     4
 Fire: Hand crossbow     |    55 |    56 |   141 |    86 ||   338
       Arbalest          |       |       |       |     8 ||     8
Throw: Tomahawk          |       |       |       |     1 ||     1
 Cast: Corona            |    16 |    35 |    33 |     6 ||    90
Invok: Heroism           |       |       |     1 |    12 ||    13
       Finesse           |       |       |       |     1 ||     1
Evoke: Wand              |       |       |       |     9 ||     9
  Use: Scroll            |     7 |     5 |    11 |     4 ||    27
       Potion            |       |       |       |     9 ||     9
 Stab: Sleeping          |       |       |     8 |     4 ||    12
       Distracted        |       |       |     1 |       ||     1
  Eat: Chunk             |    10 |     7 |    24 |    16 ||    57
Armor: Robe              |     6 |       |       |       ||     6
       Ring mail         |       |    23 |   106 |    57 ||   186
       Skin              |       |       |       |    38 ||    38
Dodge: Dodged            |    38 |    59 |   213 |   275 ||   585

Table legend:
 A = Turns spent in this place as a percentage of turns spent in the entire game.
 B = Non-inter-level travel turns spent in this place as a percentage of non-inter-level travel turns spent in the entire game.
 C = Inter-level travel turns spent in this place as a percentage of turns spent in this place.
 D = Turns resting spent in this place as a percentage of non-inter-level travel turns spent in this place.
 E = Turns spent auto-exploring this place as a percentage of non-inter-level travel turns spent in this place.
 F = Non-inter-level travel turns spent in this place divided by the number of levels of this place that you've seen.
                   A       B       C       D       E      F
               +-------+-------+-------+-------+-------+----------------------
         Total | 100.0 | 100.0 |   0.3 |   2.3 |   3.5 | 472.2
       Dungeon |  74.2 |  74.2 |   0.4 |   2.4 |   3.9 | 481.6
        Temple |   0.7 |   0.7 |   2.7 |   0.0 |  38.9 |  36.0
          Lair |  14.6 |  14.7 |   0.0 |   3.3 |   1.7 | 761.0
         Sewer |  10.4 |  10.5 |   0.0 |   0.0 |   0.2 | 544.0
               +-------+-------+-------+-------+-------+----------------------

Vault maps used:
D:1:      elethiomel_arrival_maze
D:2:      old_standard_altar, chequers_ecumenical_altar_grove,
          grunt_decor_one_mirror
D:4:      zin_statuary, old_standard_altar, chequers_temple_overflow_minitemple,
          nicolae_qazlal_general_emergency, kennysheep_mini_moat, uniq_natasha
D:5:      minmay_diamond_boxcup, first_bread, gup_sewer_entry_pipe
D:6:      basic_altar
D:7:      basic_altar, serial_shops, shop, st_stairs_5
D:8:      minmay_opposing_rooms, erik_lair_island,
          hangedman_little_slice_of_home
Temple:   nicolae_temple_figure_eight
Lair:1:   portal_ice_cave_rime, kennysheep_abandoned_house, grunt_megastairs_5,
          serial_bayou_shore_a, infiniplex_staircase_pool_2,
          uniq_prince_ribbit2, uniq_joseph
Sewer:    sewer_minmay_treatment
